 Dungeon Crawl Stone Soup version 0.19.1 (webtiles) character file.

764 CanadianGator the Covered (level 7, 0/40 HPs)
             Began as a Gargoyle Fighter on Nov 29, 2016.
             Was a Follower of Cheibriados.
             Slain by an orc (3 damage)
             ... on level 5 of the Dungeon on Nov 30, 2016.
             The game lasted 00:12:00 (3738 turns).

CanadianGator the Covered (Gargoyle Fighter)        Turns: 3738, Time: 00:12:01

Health: 0/40       AC: 16    Str: 22    XL:     7   Next: 81%
Magic:  9/9        EV:  5    Int: 12    God:    Cheibriados [*.....]
Gold:   178        SH:  9    Dex: 12    Spells: 0 memorised, 6 levels left

rFire  + . .     SeeInvis .     a - +0 flail
rCold  . . .     Gourm    .     C - +0 chain mail
rNeg   + . .     Faith    .     c - +0 shield
rPois  ∞         Spirit   .     (no helmet)
rElec  +         Reflect  .     t - +0 cloak
rCorr  +         Harm     .     (no gloves)
MR     .....     Rnd*Tele +     (no boots)
Stlth  ..........               (no amulet)
                                E - ring of resist corrosion
                                i - ring of teleportation (curse)

@: flying, very slow
A: big wings, fire resistance 1, frail 1, negative energy resistance 1,
screaming 1, electricity resistance, weak 1, unbreathing, petrification
resistance, rot immunity, MP-powered wands, AC +4
a: Stop Flying, Bend Time, Renounce Religion


You were on level 5 of the Dungeon.
You worshipped Cheibriados.
Cheibriados was aware of your devotion.
You were not hungry.

You visited 1 branch of the dungeon, and saw 5 of its levels.

You collected 178 gold pieces.

Inventory:

Hand Weapons
 a - a +0 flail (weapon)
Armour
 b - a +0 scale mail
 c - a +0 shield (worn)
 p - a +0 helmet
 t - a +0 cloak (worn)
 C - a +0 chain mail (worn)
 H - the +2 helmet of a bailey {rF+ Int+3, unknown}
   (You found it on level 5 of the Dungeon)

   It affects your intelligence (+3).
   It protects you from fire.
Jewellery
 i - a cursed ring of teleportation (left hand)
 u - an uncursed ring of ice
 E - a ring of resist corrosion (right hand)
Wands
 w - a wand of slowing (29/48)
 x - a wand of flame (18/48)
Scrolls
 e - 3 scrolls of noise {unknown}
 h - 5 scrolls of identify {unknown}
 k - a scroll of enchant armour {unknown}
 o - 3 scrolls of remove curse {unknown}
 q - a scroll of recharging {unknown}
 r - 2 scrolls of teleportation {unknown}
 y - a scroll of random uselessness {unknown}
 A - a scroll of blinking {unknown}
 F - a scroll of amnesia {unknown}
Potions
 d - 2 potions of might
 j - a potion of curing {unknown}
 n - a potion of brilliance
 s - 3 potions of flight
 v - a potion of agility {unknown}
 z - a potion of lignification {unknown}
 D - a potion of invisibility {unknown}
Comestibles
 f - 3 bread rations
 g - a beef jerky
 l - 3 meat rations
 m - a royal jelly
 G - a slice of pizza


   Skills:
 + Level 5.7 Fighting
 + Level 4.6 Maces & Flails
 + Level 5.9 Armour
 - Level 3.2 Shields
 + Level 3.8 Invocations


You had 6 spell levels left.
You didn't know any spells.

Dungeon Overview and Level Annotations

Branches:
Dungeon (5/15)
 Temple: D:4-7

Altars:
Cheibriados
Gozag
Nemelex Xobeh
Okawaru
Qazlal
Sif Muna
Uskayaw
Xom
Yredelemnul


Innate Abilities, Weirdness & Mutations

You are resistant to torment.
Your stone body is resilient. (AC +4)
You are immune to poison.
You resist negative energy. (rN+)
You are resistant to electric shocks. (rElec)
You can survive without breathing.
You are immune to petrification.
You are immune to rotting.
Your large and strong wings let you fly indefinitely.
Your flesh is heat resistant. (rF+)
You are frail. (-10% HP)
You occasionally shout uncontrollably at your foes.
You are weak. (Str -2)
You expend magic power (3 MP) to strengthen your wands.


Message History

The orc priest is heavily wounded.
The orc wizard casts a spell.
The orc wizard blinks!
You block the orc's attack. You block the orc priest's attack.
Unknown command.
You hit the orc priest.
The orc priest is heavily wounded.
You block the orc's attack. The orc priest hits you with a flail!
* * * LOW HITPOINT WARNING * * *
The orc hits you but does no damage.
You barely miss the orc priest.
The orc priest is heavily wounded.
The orc hits you but does no damage. You block the orc priest's attack.
You hit the orc priest but do no damage.
The orc priest is heavily wounded.
The orc hits you but does no damage. You block the orc priest's attack.
You hit the orc priest.
The orc priest is almost dead.
The orc hits you.
You die...

### #############
.[.. ..#o@.......
.....###.#o########
.........#c.......
#...o>......
#...#.......
..<....#.......
...##.#.#.......
... #....(...... ..
....#.[.)...


You could see a centaur, an orc priest, an orc wizard and an orc.

Vanquished Creatures
  Sigmund (D:3)
  2 phantoms (D:4)
  Blork the orc (D:4)
  A howler monkey (D:5)
  A hound (D:4)
  An orc priest (D:3)
  4 orc wizards
  A worker ant (D:5)
  4 adders
  A worm (D:3)
  2 dart slugs (D:2)
  3 leopard geckos
  12 orcs
  3 ball pythons
  5 bats
  4 giant cockroaches
  10 goblins
  9 hobgoblins
  3 jackals (D:3)
  2 quokkas
  2 frilled lizards
  4 kobolds
  6 rats
82 creatures vanquished.

Notes
Turn   | Place    | Note
-------+----------+-------------------------------------------
     0 | D:1      | CanadianGator the Gargoyle Fighter began the quest for the Orb.
     0 | D:1      | Reached XP level 1. HP: 14/14 MP: 1/1
    57 | D:1      | Reached XP level 2. HP: 15/19 MP: 2/2
   737 | D:2      | Reached XP level 3. HP: 22/24 MP: 3/3
  1048 | D:2      | Found a snail-covered altar of Cheibriados.
  1050 | D:2      | Found a sparkling altar of Nemelex Xobeh.
  1051 | D:2      | Found a deep blue altar of Sif Muna.
  1051 | D:2      | Found an iron altar of Okawaru.
  1051 | D:2      | Found a shimmering altar of Xom.
  1056 | D:2      | Became a worshipper of Cheibriados the Contemplative
  1359 | D:3      | Reached XP level 4. HP: 29/29 MP: 4/4
  1463 | D:3      | Noticed Sigmund
  1470 | D:3      | Killed Sigmund
  1470 | D:3      | Reached skill level 1 in Invocations
  1470 | D:3      | Reached XP level 5. HP: 34/34 MP: 4/6
  1584 | D:3      | Reached XP level 6. HP: 39/39 MP: 7/7
  1861 | D:3      | Reached * piety under Cheibriados
  2047 | D:3      | Reached skill level 5 in Armour
  2759 | D:4      | Found an opulent altar of Gozag.
  2759 | D:4      | Found a hide-covered altar of Uskayaw.
  2760 | D:4      | Found a stormy altar of Qazlal.
  2871 | D:4      | Noticed a phantom
  2899 | D:4      | Killed a phantom
  2899 | D:4      | Reached skill level 5 in Fighting
  2912 | D:4      | Noticed Blork the orc
  2913 | D:4      | Noticed a phantom
  2922 | D:4      | Gained mutation: Your large and strong wings let you fly indefinitely. [potion of mutation]
  2922 | D:4      | Gained mutation: You occasionally shout uncontrollably at your foes. [potion of mutation]
  2922 | D:4      | Gained mutation: You expend magic power (3 MP) to strengthen your wands. [potion of mutation]
  2923 | D:4      | Gained mutation: You are weak. (Str -2) [potion of mutation]
  2923 | D:4      | Gained mutation: You are frail. (-10% HP) [potion of mutation]
  2923 | D:4      | Gained mutation: Your flesh is heat resistant. (rF+) [potion of mutation]
  2940 | D:4      | Killed Blork the orc
  2940 | D:4      | Reached XP level 7. HP: 21/39 MP: 9/9
  3165 | D:4      | Found a basalt altar of Yredelemnul.
  3554 | D:5      | Entered Level 5 of the Dungeon
  3692 | D:5      | Got a bloodstained helmet
  3738 | D:5      | Slain by an orc

Skill      XL: |  1  2  3  4  5  6 |
---------------+-------------------+-----
Armour         | 4 5 |  5.9
Fighting       | 4 5 |  5.7
Maces & Flails | 3 4 |  4.6
Invocations    | 1 3 |  3.8
Shields        | |  3.2

Action                   |  1- 3 |  4- 6 |  7- 9 || total
-------------------------+-------+-------+-------++-------
Melee: Flail             |   141 |   144 |   118 ||   403
Invok: Bend Time         |       |     1 |       ||     1
 Abil: Fly               |       |       |     1 ||     1
Evoke: Wand              |       |     1 |       ||     1
  Use: Potion            |       |     5 |     1 ||     6
  Eat: Chunk             |     2 |     1 |       ||     3
       Bread ration      |       |     1 |       ||     1
Armor: Scale mail        |    82 |    66 |       ||   148
       Chain mail        |       |    44 |    97 ||   141
Dodge: Dodged            |    42 |    38 |    26 ||   106
Block: Shield            |    81 |    83 |    85 ||   249
